 Dungeon Crawl Stone Soup version 0.19-a0-675-gf8984cf (webtiles) character file.

5677 zero the Cleaver (level 10, -1/94 HPs)
             Began as a Gargoyle Berserker on June 16, 2016.
             Was a High Priest of Trog.
             Slain by a komodo dragon (10 damage)
             ... on level 1 of the Lair of Beasts.
             The game lasted 00:17:31 (8745 turns).

zero the Cleaver (Gargoyle Berserker)               Turns: 8745, Time: 00:17:31

Health: -1/94      AC: 21    Str: 29    XL:     10   Next: 75%
Magic:  10/10      EV:  8    Int:  8    God:    Trog [*****.]
Gold:   525        SH:  0    Dex:  9    Spells: 0 memorised, 9 levels left

rFire  . . .     SeeInvis .     r - +6 war axe (flame)
rCold  . . .     Gourm    .     b - +0 plate armour
rNeg   + . .     Faith    .     (no shield)
rPois  ∞         Spirit   .     (no helmet)
rElec  +         Dismiss  .     i - +0 cloak
rCorr  .         Reflect  .     (no gloves)
SustAt .         Harm     .     (no boots)
MR     .....                    (no amulet)
Stlth  ..........               (no ring)
                                u - ring of flight

@: berserking, very quick, not resistant to hostile enchantments, extremely
unstealthy
A: negative energy resistance 1, electricity resistance, unbreathing,
petrification resistance, rot immunity, AC +7
a: Berserk, Trog's Hand, Brothers in Arms, Burn Spellbooks, Renounce Religion,
Evoke Flight


You were on level 1 of the Lair of Beasts.
You worshipped Trog.
Trog was extremely pleased with you.
You were not hungry.

You visited 2 branches of the dungeon, and saw 9 of its levels.
You also visited: Sewer and Bailey.

You collected 525 gold pieces.

Inventory:

Hand Weapons
 p - a +3 blowgun
 r - a +6 war axe of flaming (weapon)
 y - a +1 battleaxe
Armour
 b - a +0 plate armour (worn)
 i - a +0 cloak (worn)
 B - a +0 chain mail
Jewellery
 u - a ring of flight (left hand)
 z - an uncursed ring of positive energy {unknown}
Wands
 a - a wand of flame (19/48)
 l - a wand of confusion (31/48)
 q - a wand of paralysis (7/24)
 v - a wand of disintegration (24/24)
 w - a wand of enslavement (13/24)
Scrolls
 d - 3 scrolls of fear
 e - 7 scrolls of identify
 f - 2 scrolls of enchant weapon
 g - a scroll of magic mapping
 m - a scroll of remove curse
 E - a scroll of teleportation
Potions
 h - a potion of might {unknown}
 k - 2 potions of haste {unknown}
 n - 2 potions of flight
 o - 3 potions of curing {unknown}
 s - a potion of degeneration {unknown}
 t - 4 potions of invisibility {unknown}
 x - a potion of cancellation {unknown}
 C - a potion of lignification {unknown}
Comestibles
 c - 4 bread rations
 j - a beef jerky
 A - 3 chunks of flesh
 D - a royal jelly


   Skills:
 + Level 7.3 Fighting
 + Level 12.2 Axes
 + Level 6.8 Armour
 - Level 1.5 Dodging


You had 9 spell levels left.
You didn't know any spells.

Dungeon Overview and Level Annotations

Branches:
Dungeon (8/15)             Temple (0/1) D:7            Lair (1/6) D:8

Altars:
Ashenzari
Gozag
Kikubaaqudgha
Nemelex Xobeh
Qazlal
Yredelemnul
Zin

Shops:
D:4 =   D:5 *


Innate Abilities, Weirdness & Mutations

You are resistant to torment.
Your stone body is resilient. (AC +7)
You are immune to poison.
You resist negative energy. (rN+)
You are resistant to electric shocks. (rElec)
You can survive without breathing.
You are immune to petrification.
You are immune to rotting.


Message History

You hit the komodo dragon. You burn the komodo dragon.
The komodo dragon is moderately wounded.
You slash the spiny frog! You burn the spiny frog.
The spiny frog is moderately wounded.
The komodo dragon bites you! The spiny frog stings you.
Your plate armour prevents you from hitting the spiny frog.
The spiny frog is moderately wounded.
You hit the komodo dragon. You burn the komodo dragon.
The komodo dragon is heavily wounded.
The spiny frog stings you!
* * * LOW HITPOINT WARNING * * *
The komodo dragon completely misses you.
You are too injured to fight recklessly!
You are too injured to fight recklessly!
A red film seems to cover your vision as you go berserk!
You feel yourself moving faster!
You feel mighty!
You feel somewhat more hungry. The spiny frog stings you.
* * * LOW HITPOINT WARNING * * *
The komodo dragon bites you!
You die...

##P#.# ###. .....
#...####... .....
#...###.... ......
##.......... ......
####.......>...
......####..............
.............#..........
.......F................
......l@......##........
............####........
..........### ##.......
...........# .... .
...........# .
............
#..#........#
#####........


You could see a komodo dragon and a spiny frog.

Vanquished Creatures
  Pikel (D:4)
  A meliai zombie (D:8)
  Sigmund (D:4)
  A yak (D:8)
  A human (D:5)
  2 hungry ghosts
  2 hippogriffs (D:8)
  A slave (D:4)
  3 sky beasts
  9 orc warriors
  An ice beast (D:6)
  4 ogres
  2 phantoms
  3 centaurs
  7 giant frogs
  A water moccasin zombie (D:5)
  2 scorpions
  9 killer bees
  2 howler monkeys
  2 crimson imps
  A giant frog zombie (D:5)
  2 hounds
  3 orc priests
  3 iguanas
  5 orc wizards
  4 worker ants
  A hound skeleton (D:6)
  2 worker ant zombies (D:7)
  5 gnolls
  15 adders
  A shadow imp (D:6)
  13 oozes
  An adder skeleton (D:4)
  2 worms
  3 dart slugs
  22 giant geckos
  24 orcs
  7 ball pythons
  16 giant cockroaches
  13 goblins
  15 hobgoblins
  7 jackals
  5 quokkas
  A ball python skeleton (D:3)
  17 bats
  A giant gecko skeleton (D:6)
  A giant gecko zombie (D:7)
  14 giant newts
  A jackal skeleton (D:6)
  17 kobolds
  A kobold skeleton (D:5)
  A kobold zombie (D:5)
  A quokka zombie (D:6)
  22 rats
  8 fungi (D:8)
  8 plants (D:8)
318 creatures vanquished.

Vanquished Creatures (others)
  An ogre (D:5)
  An orc (D:4)
  A fungus (D:8)
3 creatures vanquished.

Grand Total: 321 creatures vanquished

Notes
Turn   | Place    | Note
--------------------------------------------------------------
     0 | D:1      | zero the Gargoyle Berserker began the quest for the Orb.
     0 | D:1      | Reached XP level 1. HP: 14/14 MP: 1/1
    34 | D:1      | Reached skill level 3 in Axes
    38 | D:1      | Reached XP level 2. HP: 15/19 MP: 2/2
   131 | D:1      | Reached ** piety under Trog
   409 | D:1      | Reached XP level 3. HP: 23/23 MP: 3/3
   711 | D:1      | Reached skill level 4 in Axes
  1331 | D:2      | Reached XP level 4. HP: 28/28 MP: 4/4
  1679 | D:2      | Reached *** piety under Trog
  1785 | D:3      | Found a stormy altar of Qazlal.
  1835 | D:3      | Reached skill level 5 in Axes
  1861 | D:3      | Found a faded altar of an unknown god.
  1877 | D:3      | Reached XP level 5. HP: 27/32 MP: 5/5
  2224 | D:3      | Found an opulent altar of Gozag.
  2229 | D:3      | Found a glowing silver altar of Zin.
  2628 | D:5      | Entered Level 5 of the Dungeon
  2663 | D:5      | Noticed a centaur
  2676 | D:5      | Killed a centaur
  2676 | D:5      | Reached skill level 6 in Axes
  2676 | D:5      | Reached XP level 6. HP: 35/37 MP: 6/6
  2950 | D:5      | Found a glowing drain.
  2954 | Sewer    | Entered a sewer
  3080 | Sewer    | Reached **** piety under Trog
  3593 | Sewer    | Reached skill level 7 in Axes
  3593 | Sewer    | Reached XP level 7. HP: 41/41 MP: 7/7
  3750 | D:5      | Reached skill level 8 in Axes
  3887 | D:5      | Found a runed door.
  3887 | D:5      | Noticed a human
  3891 | D:5      | Found a basalt altar of Yredelemnul.
  3963 | D:5      | Found Ylonwoag's General Store.
  3997 | D:5      | Killed a human
  3997 | D:5      | Reached XP level 8. HP: 37/46 MP: 8/8
  4437 | D:5      | Reached skill level 9 in Axes
  4626 | D:4      | Noticed Pikel
  4639 | D:4      | Killed Pikel
  4639 | D:4      | Reached ***** piety under Trog
  4639 | D:4      | Reached skill level 10 in Axes
  4764 | D:4      | Found a sparkling altar of Nemelex Xobeh.
  4765 | D:4      | Found a shattered altar of Ashenzari.
  4839 | D:4      | Noticed Sigmund
  4847 | D:4      | Killed Sigmund
  4847 | D:4      | Reached XP level 9. HP: 51/51 MP: 9/9
  5175 | D:4      | Found Ithuoc's Jewellery Shop.
  5465 | D:5      | Reached skill level 11 in Axes
  6832 | D:6      | Found an ancient bone altar of Kikubaaqudgha.
  6948 | D:7      | Found a staircase to the Ecumenical Temple.
  6965 | D:7      | Reached skill level 5 in Fighting
  7151 | D:7      | Reached XP level 10. HP: 44/59 MP: 10/10
  7164 | D:7      | Reached skill level 5 in Armour
  7488 | D:7      | Received a gift from Trog
  7632 | D:8      | Found a flagged portal.
  7783 | D:8      | Reached skill level 12 in Axes
  7873 | Bailey   | Entered a bailey
  8359 | D:8      | Found a staircase to the Lair.
  8704 | Lair:1   | Entered Level 1 of the Lair of Beasts
  8738 | Lair:1   | Noticed a spiny frog
  8745 | Lair:1   | Slain by a komodo dragon

Vault maps used:
D:1:      shiori_arrival_elements, minmay_misc_feat_ornament
D:2:      serial_glass, glass_columns_a, glass_columns_a, glass_columns_b,
          glass_columns_b
D:3:      grunt_temple_overflow_gold_and_silver, lemuel_crystal_altar,
          ecumenical_altar_2, nicolae_qazlal_general_emergency
D:4:      gammafunk_temple_overflow_pools, serial_shops, kennysheep_mini,
          uniq_sigmund, uniq_pikel
D:5:      first_bread, gup_sewer_entry_bowl, serial_shops, shop,
          minmay_misc_feat_plants, dk_yredelemnul_ordeal
D:6:      kennysheep_mini_moat
D:7:      minmay_temple_entry_statues, serial_glass, glass_columns_a,
          glass_columns_c
D:8:      grunt_lair_entry_orc_guard_hut, enter_bailey_2
Lair:1:   kennysheep_snail_temple, lemuel_fruit_tree
Sewer:    sewer_frog_island_02
Bailey:   bailey_axe_4, bailey

Skill      XL: |  1  2  3  4  5  6  7  8  9 10 |
---------------+-------------------------------+-----
Axes           | 3 4 5 6 7 8 10 11 12 | 12.2
Fighting       | 5 7 |  7.3
Armour         | 4 6 |  6.8
Dodging        | |  1.5

Action                   |  1- 3 |  4- 6 |  7- 9 | 10-12 || total
-------------------------+-------+-------+-------+-------++-------
Melee: Hand axe          |   142 |   494 |   361 |       ||   997
       Battleaxe         |       |       |    61 |    35 ||    96
       War axe           |       |       |       |   172 ||   172
Invok: Berserk           |     2 |     4 |     9 |     3 ||    18
       Trog's Hand       |     1 |     2 |     2 |       ||     5
       Burn Spellbooks   |       |       |     1 |       ||     1
 Abil: Evoke Flight      |       |       |       |     1 ||     1
Evoke: Wand              |       |       |       |     1 ||     1
  Use: Scroll            |       |       |     8 |     1 ||     9
  Eat: Chunk             |     3 |    10 |    13 |     9 ||    35
       Meat ration       |       |     1 |       |       ||     1
       Pizza             |       |       |     2 |       ||     2
       Fruit             |       |       |     3 |       ||     3
       Bread ration      |       |       |     1 |       ||     1
       Royal jelly       |       |       |     1 |       ||     1
       Beef jerky        |       |       |     1 |       ||     1
Armor: Animal skin       |    49 |    44 |       |       ||    93
       Ring mail         |       |   186 |   134 |       ||   320
       Plate armour      |       |       |    62 |   207 ||   269
       Chain mail        |       |       |    22 |       ||    22
Dodge: Dodged            |   126 |   326 |   202 |    80 ||   734
